 Dungeon Crawl Stone Soup version 0.24-a0-250-g6074511 (webtiles) character file.

Game seed: 10538042907248093197

12916 Borgoz the Slicer (level 12, -5/74 HPs)
             Began as a Kobold Gladiator on Apr 14, 2019.
             Was a Follower of Ashenzari.
             Slain by a freezing wraith (9 damage)
             ... led by a death knight
             ... on level 10 of the Dungeon.
             The game lasted 00:35:25 (14132 turns).

Borgoz the Slicer (Kobold Gladiator)               Turns: 14132, Time: 00:35:26

Health: -5/74      AC:  8    Str: 21    XL:     12   Next: 26%
Magic:  16/16      EV: 23    Int:  9    God:    Ashenzari [*.....]
Gold:   532        SH:  0    Dex: 17    Spells: 13/13 levels left

rFire    . . .     SeeInvis +   a - +1 dagger (drain)
rCold    . . .     Gourm    .   (shield restricted)
rNeg     . . .     Faith    .   C - +1 leather armour {rPois}
rPois    +         Spirit   .   c - +1 helmet
rElec    .         Reflect  .   G - scarf {cloud immunity}
rCorr    .         Harm     .   (no gloves)
MR       .....                  y - +0 pair of boots
Stlth    ++++......             (no amulet)
HPRegen  0.22/turn              (no ring)
MPRegen  0.15/turn              g - ring of see invisible

@: mighty, slowed, very slow
A: small, carnivore, sturdy frame 1
a: Curse Item, Scrying, Renounce Religion


You were on level 10 of the Dungeon.
You worshipped Ashenzari.
Ashenzari was aware of your devotion.
You were very full.

You visited 2 branches of the dungeon, and saw 13 of its levels.
You also visited: Ossuary.

You collected 532 gold pieces.

Inventory:

Hand Weapons
 a - a +1 dagger of draining (weapon)
 b - a +1 dagger of speed
 h - a +0 rapier
 w - the +5 mace "Gaade" {holy, Dex+4}
   (You found it on level 5 of the Dungeon)

   It has been blessed by the Shining One to cause great damage to the undead
   and demons.
   It affects your dexterity (+4).
Missiles
 H - 4 tomahawks (quivered)
 I - 3 exploding tomahawks
Armour
 c - a +1 helmet (worn)
 y - a +0 pair of boots (worn)
 C - a +1 leather armour of poison resistance (worn)
 G - a scarf of cloud immunity (worn)
 M - +0 acid dragon scales
Jewellery
 g - a ring of see invisible (right hand)
 i - an uncursed ring of fire
 l - an uncursed ring of magical power
 A - an uncursed ring of resist corrosion
 E - an uncursed amulet of magic regeneration
Wands
 x - a wand of polymorph (7)
 F - a wand of enslavement (4)
 J - a wand of random effects (20)
Scrolls
 e - 5 scrolls of fog
 k - a scroll of summoning
 o - 4 scrolls of identify
 p - 4 scrolls of fear
 s - a scroll of magic mapping
 t - 3 scrolls of enchant armour
 u - 2 scrolls of enchant weapon
 v - 5 scrolls of remove curse
 z - a scroll of amnesia
 B - a scroll of holy word
Potions
 d - 2 potions of brilliance
 j - 3 potions of haste
 m - 2 potions of flight
 n - a potion of cancellation
 q - 3 potions of curing
Comestibles
 f - 14 rations


   Skills:
 + Level 8.2 Fighting
 + Level 11.8 Short Blades
 - Level 6.4 Maces & Flails
 - Level 2.1 Throwing
 + Level 5.3 Armour
 + Level 10.8 Dodging
 + Level 8.8 Stealth
 + Level 1.2 Spellcasting
 - Level 5.6 Evocations


You had 13 spell levels left.
You didn't know any spells.
Your spell library contained the following spells:

 Spells                   Type           Power        Failure   Level  Hunger
 Beastly Appendage        Tmut           #.....       36%         1    ##.....
 Shock                    Conj/Air       #...         36%         1    ##.....
 Sticks to Snakes         Tmut           #.......     50%         2    ###....
 Swiftness                Chrm/Air       #.......     50%         2    ###....
 Spider Form              Tmut/Pois      #.........   73%         3    ####...
 Static Discharge         Conj/Air       #.......     73%         3    ####...
 Airstrike                Air            #.........   98%         4    #####..
 Ice Form                 Ice/Tmut       #.......     98%         4    #####..
 Blade Hands              Tmut           #.........   100%        5    ######.
 Lightning Bolt           Conj/Air       #.........   100%        5    ######.


Dungeon Overview and Level Annotations

Branches:
Dungeon (12/15)            Temple (1/1) D:7
   Lair: D:8-11         Orc: D:9-12

Altars:
Ashenzari
Cheibriados
Dithmenos
Elyvilon
Fedhas
Gozag
Hepliaklqana
Kikubaaqudgha
Makhleb
Nemelex Xobeh
Okawaru
Qazlal
Ru
Sif Muna
Trog
Uskayaw
Vehumet
Wu Jian
Xom
Yredelemnul
Zin
The Shining One

Shops:
D:9 [


Innate Abilities, Weirdness & Mutations

You are small and have problems with some larger weapons.
You are carnivorous and can eat meat at any time.
Your movements are slightly less encumbered by armour. (ER -2)


Message History

The freezing wraith hits you! The freezing wraith drains your vigour!
You feel as though you will be slow longer.
You barely miss the freezing wraith.
The freezing wraith is moderately damaged.
The freezing wraith completely misses you.
The freezing wraith barely misses you.
You hit the freezing wraith.
The freezing wraith is moderately damaged.
The freezing wraith hits you!
* * * LOW HITPOINT WARNING * * *
The freezing wraith freezes you!
* * * LOW HITPOINT WARNING * * *
The freezing wraith hits you.
* * * LOW HITPOINT WARNING * * *
You barely miss the freezing wraith.
The freezing wraith is moderately damaged.
You hit the freezing wraith but do no damage.
The freezing wraith is moderately damaged.
The freezing wraith hits you!
You die...

....##....####..#########'### #
....#..............##......# #
##..#..............##......# #
....'..............##......# #
....####'#####'############# ###
......................#########..
......................#.......#..
##..............W.....#.......#..
##..............@.....#.......#.#
......................##...####..
..######'#########.....#...#####'
..#..............#<....#...##....
..#..............#.....'...##....
..#..............+.....#...##....
..#..............#.....#...##....
..#..............#.....#...##....
..#...###...######.....######....


You could see a freezing wraith.

Vanquished Creatures
  Erolcha (D:10)
  Erica (D:8)
  A two-headed ogre (D:10)
  2 unseen horrors (D:10)
  Pikel (D:8)
  A mana viper (D:9)
  An ugly thing (D:10)
  5 trolls
  2 hippogriffs (D:8)
  Sigmund (D:3)
  A shadow (D:10)
  A wraith (D:10)
  A wyvern (D:10)
  A hungry ghost (D:8)
  An acid dragon (D:11)
  2 water moccasins
  3 orc warriors
  3 ice beasts
  3 sky beasts
  A black bear (D:6)
  2 phantoms
  2 eyes of draining (D:10)
  6 ogres
  2 necrophages
  2 centaurs
  A big kobold (D:8)
  12 bullfrogs
  2 scorpions
  27 killer bees
  4 howler monkeys
  A centaur zombie (Ossuary)
  5 crimson imps
  4 bullfrog zombies
  A quasit (D:8)
  6 jellies
  4 hounds
  A bullfrog skeleton (D:10)
  3 orc priests
  3 centaur skeletons
  4 iguanas
  6 worker ants
  2 orc wizards
  5 hound zombies
  13 mummies (Ossuary)
  A howler monkey zombie (Ossuary)
  6 adders
  2 shadow imps
  2 oozes
  5 adder zombies (Ossuary)
  5 worms
  5 dart slugs
  5 leopard geckos
  48 orcs
  11 bats
  9 giant cockroaches
  7 goblins
  A hobgoblin (shapeshifter) (D:11)
  8 hobgoblins
  15 jackals
  2 quokkas
  A ball python zombie (Ossuary)
  5 frilled lizards
  14 kobolds
  2 leopard gecko zombies (Ossuary)
  A quokka skeleton (D:7)
  A quokka zombie (D:8)
  12 rats
319 creatures vanquished.

Vanquished Creatures (others)
  2 slaves
  A killer bee (D:8)
  3 withered plants (Ossuary)
6 creatures vanquished.

Grand Total: 325 creatures vanquished

Notes
Turn   | Place    | Note
-------+----------+-------------------------------------------
     0 | D:1      | Borgoz the Kobold Gladiator began the quest for the Orb.
     0 | D:1      | Reached XP level 1. HP: 12/12 MP: 1/1
   181 | D:1      | Reached XP level 2. HP: 13/17 MP: 2/2
   264 | D:1      | Reached skill level 1 in Stealth
   277 | D:1      | Reached XP level 3. HP: 18/22 MP: 3/3
   922 | D:1      | Reached XP level 4. HP: 22/27 MP: 4/4
   927 | D:1      | Reached skill level 5 in Short Blades
  1073 | D:2      | Found an opulent altar of Gozag.
  1397 | D:2      | Reached skill level 1 in Armour
  1421 | D:2      | Reached XP level 5. HP: 30/31 MP: 5/5
  1676 | D:3      | Noticed Sigmund
  2085 | D:3      | Gained mutation: Your spells are a little harder to cast,
                  | but a little more powerful. [potion of mutation]
  2085 | D:3      | Lost mutation: Your spells are a little harder to cast, but
                  | a little more powerful. [potion of mutation]
  2085 | D:3      | Gained mutation: Your movements are slightly less
                  | encumbered by armour. (ER -2) [potion of mutation]
  2103 | D:3      | Killed Sigmund
  2103 | D:3      | Reached skill level 6 in Short Blades
  2103 | D:3      | Reached skill level 5 in Dodging
  2103 | D:3      | Reached XP level 6. HP: 32/36 MP: 6/6
  2538 | D:4      | Noticed an ogre
  2551 | D:4      | Killed an ogre
  2551 | D:4      | Reached XP level 7. HP: 40/41 MP: 7/7
  2613 | D:4      | Found a glowing golden altar of the Shining One.
  2681 | D:4      | Found a sand-covered staircase.
  2687 | Ossuary  | Entered an ossuary
  3302 | Ossuary  | Reached skill level 7 in Short Blades
  3420 | Ossuary  | Reached XP level 8. HP: 25/46 MP: 8/8
  3842 | Ossuary  | Identified a scroll of acquirement
  4411 | D:4      | Reached skill level 8 in Short Blades
  4619 | D:4      | Found a white marble altar of Elyvilon.
  4930 | D:5      | Entered Level 5 of the Dungeon
  5112 | D:5      | Found a snail-covered altar of Cheibriados.
  5147 | D:5      | Got a shimmering mace
  5148 | D:5      | Identified the +5 mace "Gaade" {holy, Dex+4} (You found it
                  | on level 5 of the Dungeon)
  5835 | D:6      | Reached skill level 1 in Maces & Flails
  5868 | D:6      | Reached skill level 5 in Stealth
  6193 | D:6      | Reached XP level 9. HP: 49/52 MP: 9/9
  6582 | D:6      | Found a blossoming altar of Fedhas.
  6605 | D:6      | Found a stormy altar of Qazlal.
  6605 | D:6      | Found a shadowy altar of Dithmenos.
  6681 | D:6      | Found a burning altar of Makhleb.
  6681 | D:6      | Noticed a blizzard demon
  6952 | D:7      | Found a staircase to the Ecumenical Temple.
  6974 | Temple   | Entered the Ecumenical Temple
  7022 | Temple   | Became a worshipper of Ashenzari the Shackled
  7112 | D:7      | Reached skill level 5 in Fighting
  7553 | D:7      | Found a deep blue altar of Sif Muna.
  7997 | D:8      | Found a glowing silver altar of Zin.
  8037 | D:8      | Reached skill level 9 in Short Blades
  8160 | D:8      | Noticed Erica
  8178 | D:8      | Reached XP level 10. HP: 40/59 MP: 10/10
  8203 | D:8      | Killed Erica
  8303 | D:8      | Reached skill level 10 in Short Blades
  9014 | D:8      | Reached skill level 1 in Evocations
  9963 | D:8      | Reached skill level 5 in Maces & Flails
 10236 | D:9      | Noticed Pikel
 10322 | D:8      | Killed Pikel
 10595 | D:9      | Reached XP level 11. HP: 63/66 MP: 11/13
 10630 | D:9      | Found Ucidujil's Antique Armour Shop.
 10632 | D:9      | Noticed a two-headed ogre
 10953 | D:9      | Noticed a mana viper
 10953 | D:9      | a two-headed ogre changed into a mana viper
 10960 | D:9      | Killed a mana viper
 11264 | D:9      | Reached skill level 10 in Dodging
 11395 | D:9      | Reached skill level 11 in Short Blades
 11518 | D:10     | Entered Level 10 of the Dungeon
 11563 | D:10     | Noticed Erolcha
 11570 | D:10     | Killed Erolcha
 11641 | D:10     | Reached * piety under Ashenzari
 12190 | D:10     | Noticed an unseen horror
 12238 | D:10     | Killed an unseen horror
 12246 | D:10     | Reached skill level 5 in Evocations
 12748 | D:10     | Noticed an unseen horror
 12769 | D:10     | Killed an unseen horror
 12769 | D:10     | Reached XP level 12. HP: 62/73 MP: 15/15
 12783 | D:10     | Reached skill level 5 in Armour
 12907 | D:10     | Noticed a two-headed ogre
 12913 | D:10     | Killed a two-headed ogre
 13516 | D:11     | Noticed a death yak
 13517 | D:11     | Noticed an unseen horror
 13579 | D:11     | Noticed a death knight
 13663 | D:10     | Reached skill level 1 in Spellcasting
 14130 | D:10     | HP: 3/74 [freezing wraith[a death knight] (6)]
 14132 | D:10     | Slain by a freezing wraith

Levels and vault maps discovered:
D:1:      onia_arrival_larder, layout_rooms
D:2:      minmay_diamond_boxcup, layout_rooms, lemuel_doored_altar
D:3:      layout_loops_ring, first_ration, uniq_sigmund
D:4:      layout_loops_ring, elyvilon_altar_3, overflow_temple_1_default,
          nicolae_ossuary_entry_plus
D:5:      layout_loops_ring, cheibriados_altar_1
D:6:      layout_loops_corners, makhleb_altar_promises_db, old_standard_altar,
          gammafunk_temple_overflow_pools
D:7:      layout_basic, kennysheep_little_box, minmay_temple_entry_waves
D:8:      layout_loops_cross, lemuel_round_altar, uniq_erica
D:9:      layout_rooms, special_room [special_room_orc], serial_shops, shop,
          uniq_pikel
D:10:     layout_stronghold, uniq_erolcha
D:11:     minmay_diamond_stairs, layout_rooms, dpeg_lair_monsters, serial_shops,
          nicolae_shop_trees
D:12:     layout_big_octagon, orc_0_dummy, serial_shops, nicolae_shop_stone,
          serial_column_ruins, column_ruins_columns_straight,
          column_ruins_open_small, column_ruins_open_tiny, column_ruins_grid_3,
          drop_trap, uniq_nessos
Temple:   minmay_temple_bridge_abc
Ossuary:  ossuary_zaba_flooded

Skill      XL: |  1  2  3  4  5  6  7  8  9 10 11 12 |
---------------+-------------------------------------+-----
Dodging        | 4 5 6 8 9 10 | 10.8
Stealth        | 1 2 4 5 7 8 |  8.8
Short Blades   | 5 6 7 8 9 10 11 | 11.8
Armour         | 1 2 3 4 5 |  5.3
Fighting       | 3 4 5 6 7 8 |  8.2
Maces & Flails | 2 4 5 6 |  6.4
Evocations     | 2 5 |  5.6
Spellcasting   | 1 |  1.2
Throwing       | |  2.1

Action                   |  1- 3 |  4- 6 |  7- 9 | 10-12 || total
-------------------------+-------+-------+-------+-------++-------
Melee: Rapier            |    31 |       |       |       ||    31
       Dagger            |    92 |   244 |   756 |  1083 ||  2175
       Mace              |       |       |   125 |    49 ||   174
Throw: Throwing net      |       |     3 |     1 |     2 ||     6
       Tomahawk          |       |       |       |     1 ||     1
Evoke: Wand              |       |       |       |     2 ||     2
  Use: Potion            |     1 |     7 |     5 |     9 ||    22
       Scroll            |       |     9 |    14 |     5 ||    28
 Stab: Sleeping          |     1 |     3 |    12 |    17 ||    33
       Held in net/web   |       |     1 |     2 |     2 ||     5
       Invisible         |       |       |     8 |       ||     8
       Distracted        |       |       |     2 |       ||     2
  Eat: Chunk             |     8 |     5 |    19 |    23 ||    55
Armor: Leather armour    |    18 |    15 |    37 |    76 ||   146
       Ring mail         |       |    40 |    62 |       ||   102
       Skin              |       |    19 |       |    97 ||   116
Dodge: Dodged            |    86 |   179 |   545 |   880 ||  1690

Table legend:
 A = Non-vault XP
 B = Vault XP
 C = Vault XP percentage of total XP
 D = Non-vault monster count
 E = Vault monster count
 F = Vault count percentage of total count
                 A         B        C        D         E       F
            +---------+---------+-------+---------+---------+-------
      Total |   14026 |    4426 |  24.0 |     244 |      75 |  23.5
            +---------+---------+-------+---------+---------+-------
        D:1 |      72 |      10 |  12.2 |      35 |       7 |  16.7
        D:2 |      55 |      15 |  21.4 |      20 |       7 |  25.9
        D:3 |      72 |     242 |  77.1 |      23 |       1 |   4.2
        D:4 |     399 |       0 |   0.0 |      14 |       0 |   0.0
        D:5 |     212 |       0 |   0.0 |       6 |       0 |   0.0
        D:6 |     742 |       0 |   0.0 |      18 |       0 |   0.0
        D:7 |    1249 |       0 |   0.0 |      22 |       0 |   0.0
        D:8 |    2458 |    1552 |  38.7 |      40 |       2 |   4.8
        D:9 |    2187 |     353 |  13.9 |      20 |      24 |  54.5
       D:10 |    6315 |    1604 |  20.3 |      43 |       3 |   6.5
       D:11 |     265 |      45 |  14.5 |       3 |       2 |  40.0
    Ossuary |       0 |     605 | 100.0 |       0 |      29 | 100.0
            +---------+---------+-------+---------+---------+-------
